 Dungeon Crawl Stone Soup version 0.22-a0-44-geb883ae (webtiles) character file.

46 KristoblXynda the Charmwright (level 3, -1/29 HPs)
             Began as a Draconian Skald on Jan 6, 2018.
             Slain by an ogre
             ... wielding a +0 giant club
              (23 damage)
             ... on level 2 of the Dungeon.
             The game lasted 00:02:34 (1227 turns).

KristoblXynda the Charmwright (Draconian Skald)     Turns: 1227, Time: 00:02:34

Health: -1/29      AC:  5    Str: 14    XL:     3   Next: 44%
Magic:  14/15      EV: 12    Int: 13    God:
Gold:   12         SH:  0    Dex: 10    Spells: 2/6 levels left

rFire    . . .     SeeInvis .   a - +0 falchion
rCold    . . .     Gourm    .   (no shield)
rNeg     . . .     Faith    .   (armour unavailable)
rPois    .         Spirit   .   (helmet restricted)
rElec    .         Reflect  .   (no cloak)
rCorr    .         Harm     .   (no gloves)
MR       .....                  (no boots)
Stlth    +.........             (no amulet)
HPRegen  0.09/turn              e - ring of magical power
MPRegen  0.14/turn              (no ring)

@: infused
A: unfitting armour, cold-blooded, AC +5
a: no special abilities


You were on level 2 of the Dungeon.
You were not hungry.

You visited 1 branch of the dungeon, and saw 2 of its levels.

You collected 12 gold pieces.

Inventory:

Hand Weapons
 a - a +0 falchion (weapon)
Jewellery
 e - a ring of magical power (left hand)
 j - an uncursed ring of resist corrosion {unknown}
Scrolls
 i - a scroll of immolation {unknown}
Potions
 d - a potion of heal wounds {unknown}
 f - a potion of invisibility {unknown}
 g - a potion of resistance {unknown}
Books
 b - a book of Battle

   Spells                             Type                      Level
   a - Infusion                       Charms                       1
   b - Shroud of Golubria             Charms/Translocation         2
   c - Song of Slaying                Charms                       2
   d - Spectral Weapon                Hexes/Charms                 3
   e - Regeneration                   Charms/Necromancy            3
Comestibles
 c - 2 rations
 h - a chunk of flesh


   Skills:
 - Level 2.1 Fighting
 + Level 2.7 Long Blades
 + Level 2.7 Dodging
 - Level 2.0 Spellcasting
 + Level 3.2 Charms


You had 2 spell levels left.
You knew the following spells:

 Your Spells              Type           Power        Failure   Level  Hunger
a - Infusion              Chrm           #...         7%          1    ##.....
b - Regeneration          Chrm/Necr      #.........   36%         3    ####...


Dungeon Overview and Level Annotations

Branches:
Dungeon (2/15)

Altars:


Innate Abilities, Weirdness & Mutations

Your plain brown scales are hard. (AC +5)
You cannot fit into any form of body armour.
You are cold-blooded and may be slowed by cold attacks.


Message History

Found 4 gold pieces.
Found a marble ring.
The rat completely misses you.
Found a stone staircase leading up.
The rat barely misses you.
You hit the rat.
You kill the rat!
You see here a rat corpse.
You now have 12 gold pieces (gained 4).
Found a leather armour.
The ogre shouts!
Found a short sword.
You see here a marble ring.
j - a marble ring
Casting: Infusion
Confirm with . or Enter, or press ? or * to list all spells.
You begin infusing your attacks with magical energy.
The ogre hits you with a giant club!!
Ouch! That really hurt!
You die...

#####....#...###.####
##.#.......#.### #
.######..........)..#
................#.....##
.#..######............†.
.... #....<........[.
#...####...............
#......[.............
#...@O...............
#.....................
#...)................#
................#.....##
..............####.###
###..........## #.
##...........
#............
#..O.......#


You could see an ogre.

Vanquished Creatures
  A worm (D:1)
  3 dart slugs (D:1)
  2 leopard geckos
  2 giant cockroaches
  6 goblins
  5 hobgoblins
  3 jackals (D:2)
  A kobold (D:1)
  3 bats (D:1)
  3 frilled lizards
  4 rats
33 creatures vanquished.

Notes
Turn   | Place    | Note
-------+----------+-------------------------------------------
     0 | D:1      | KristoblXynda the Draconian Skald began the quest for the Orb.
     0 | D:1      | Reached XP level 1. HP: 17/17 MP: 3/3
   110 | D:1      | Reached XP level 2. HP: 12/24 MP: 5/5
   347 | D:1      | Reached skill level 3 in Charms
   716 | D:2      | Noticed an ogre
   718 | D:2      | Reached XP level 3. HP: 24/29 MP: 6/6
   767 | D:1      | Learned a level 3 spell: Regeneration
  1227 | D:2      | Slain by an ogre

Vault maps used:
D:1:      dpeg_arrival_snail
D:2:      elyvilon_altar_5

Skill      XL: |  1  2 |
---------------+-------+-----
Charms         | 3 |  3.2
Fighting       | |  2.1
Long Blades    | |  2.7
Dodging        | |  2.7
Spellcasting   | |  2.0

Action                   || total
-------------------------++-------
Melee: Falchion          ||    92
       Tailslap          ||    12
 Cast: Infusion          ||     2
       Regeneration      ||     1
 Stab: Sleeping          ||     1
  Eat: Chunk             ||     1
Armor: Skin              ||    25
Dodge: Dodged            ||    53
       Rpst.: Falchion   ||    22

Table legend:
 A = Spawn XP
 B = Non-spawn XP
 C = Spawn XP percentage of total XP
 D = Spawn monster count
 E = Non-spawn monster count
 F = Spawn count percentage of total count
 G = Total turns spent on level
                    A         B        C        D         E        F      G
               +---------+---------+-------+---------+---------+-------+---------
         Total |       0 |      66 |   0.0 |       0 |      33 |   0.0 |  1227
               +---------+---------+-------+---------+---------+-------+---------
           D:1 |       0 |      47 |   0.0 |       0 |      22 |   0.0 |  1003
           D:2 |       0 |      19 |   0.0 |       0 |      11 |   0.0 |   224
               +---------+---------+-------+---------+---------+-------+---------
